 Dungeon Crawl Stone Soup version 0.24.0-13-gcf9b3192b9 (webtiles) character file.

Game seed: 18388148424655982589, levelgen mode: deterministic

39 Descartes the Scratcher (level 3, -7/15 HPs)
             Began as a Felid Transmuter on Nov 8, 2019.
             Killed from afar by Sigmund (9 damage)
             ... with a puff of flame
             ... on level 2 of the Dungeon.
             The game lasted 00:03:24 (1396 turns).

Descartes the Scratcher (Felid Transmuter)          Turns: 1396, Time: 00:03:25

Health: -7/15      AC:  1    Str:  7    XL:     3   Next: 26%
Magic:  6/7        EV: 18    Int: 17    God:
Gold:   89         SH:  0    Dex: 16    Spells: 5/6 levels left
                                        Lives:  0   Deaths: 0

rFire    . . .     SeeInvis +     - Unarmed
rCold    . . .     Gourm    .   (shield unavailable)
rNeg     . . .     Faith    .   (armour unavailable)
rPois    +         Spirit   .   (helmet unavailable)
rElec    .         Reflect  .   (cloak unavailable)
rCorr    .         Harm     .   (gloves unavailable)
MR       .....                  (boots unavailable)
Stlth    +.........             (no amulet)
HPRegen  0.05/turn              g - +3 ring of intelligence
MPRegen  0.10/turn              i - ring of poison resistance

@: confused, appendage, quick
A: very small, no armour, no weapons or thrown items, stealth, claws 1, fangs 3,
horns 2, see invisible, carnivore, speed 1, shaggy fur 1, slow metabolism 1,
sharp paws
a: End Transformation


You were on level 2 of the Dungeon.
You were very full.
You had grown temporary horns.
You visited 1 branch of the dungeon, and saw 2 of its levels.

You collected 89 gold pieces.

Inventory:

Missiles
 a - 12 arrows
Jewellery
 g - a +3 ring of intelligence (left paw)
 i - a ring of poison resistance (right paw)
 k - a +4 ring of evasion {unknown}
Scrolls
 b - a scroll of blinking {unknown}
 d - 3 scrolls of identify {unknown}
 e - a scroll of random uselessness {unknown}
 j - a scroll of fear {unknown}
Potions
 h - a potion of degeneration {unknown}
 l - a potion of brilliance {unknown}
Comestibles
 c - 4 rations
 f - 10 chunks of flesh


   Skills:
 + Level 1.5 Fighting
 + Level 3.2 Dodging
 + Level 1.6 Stealth
 + Level 3.2 Unarmed Combat
 + Level 2.2 Spellcasting
 + Level 2.5 Transmutations


You had 5 spell levels left.
You knew the following spells:

 Your Spells              Type           Power        Failure   Level  Hunger
a - Beastly Appendage     Tmut           ##....       7%          1    #......

Your spell library contained the following spells:

 Spells                   Type           Power        Failure   Level  Hunger
 Sticks to Snakes         Tmut           ##......     10%         2    ###....
 Spider Form              Tmut/Pois      #.........   32%         3    ###....
 Ice Form                 Ice/Tmut       #.......     73%         4    #####..
 Blade Hands              Tmut           ##........   88%         5    ######.


Dungeon Overview and Level Annotations

Branches:
Dungeon (2/15)

Altars:

Annotations:
D:2 Sigmund


Innate Abilities, Weirdness & Mutations

You cannot wear armour.
You are incapable of wielding weapons or throwing items.
Your paws allow you to move quietly. (Stealth)
You have sharp claws.
You have razor-sharp teeth.
You have supernaturally acute eyesight. (SInv)
You are carnivorous and can eat meat at any time.
You cover ground quickly.
You are covered in fur. (AC +1)
You have a slow metabolism.
Your sharp claws are effective at attacking unaware monsters.
You have a pair of horns on your head.


Message History

Sigmund gestures at you while chanting.
You are confused.
You bump into the rock wall.
Sigmund gestures at you while chanting. The puff of flame hits you.
* * * LOW HITPOINT WARNING * * *
You closely miss Sigmund.
Sigmund is heavily wounded.
Sigmund completely misses you.
You barely miss Sigmund.
Sigmund is heavily wounded.
Sigmund closely misses you.
You miss Sigmund.
Sigmund is heavily wounded.
You scratch Sigmund. You bite Sigmund, but do no damage.
Sigmund is heavily wounded.
Sigmund points at you and mumbles some strange words.
The puff of flame hits you!
Ouch! That really hurt!
You die...

###'#####+###
. . #.# . #.#
. #.# . #.# .
#.# . #.# .
#.#######. .
#.@@...... .
#.######## #
#.. #.# #.#
#.# #.# #.


You could see Sigmund (invisible).

Vanquished Creatures
  An adder (D:2)
  An ooze (D:1)
  A dart slug (D:1)
  5 bats
  4 goblins
  3 hobgoblins
  3 frilled lizards
  3 kobolds (D:1)
  3 rats
24 creatures vanquished.

Notes
Turn   | Place    | Note
-------+----------+-------------------------------------------
     0 | D:1      | Descartes the Felid Transmuter began the quest for the Orb.
     0 | D:1      | Reached XP level 1. HP: 9/9 MP: 4/4
   236 | D:1      | Reached skill level 1 in Stealth
   236 | D:1      | Reached XP level 2. HP: 2/12 MP: 4/6
  1033 | D:2      | Reached XP level 3. HP: 15/15 MP: 5/7
  1371 | D:2      | Noticed Sigmund
  1396 | D:2      | Killed from afar by Sigmund

Levels and vault maps discovered:
D:1:      dpeg_arrival_erosion, layout_loops_ring, hex_large
D:2:      minmay_angry_zag, layout_basic, gammafunk_temple_overflow_claw,
          guppyfry_early_orc_mine, uniq_sigmund

Skill      XL: |  1  2 |
---------------+-------+-----
Stealth        | 1 |  1.6
Dodging        | 3 |  3.2
Fighting       | |  1.5
Unarmed Combat | |  3.2
Spellcasting   | |  2.2
Transmutations | |  2.5

Action                   || total
-------------------------++-------
Melee: Unarmed           ||    89
       Bite              ||    10
       Headbutt          ||     6
 Cast: Beastly Appendage ||    15
 Stab: Sleeping          ||     3
  Eat: Chunk             ||     8
Armor: Skin              ||     7
Dodge: Dodged            ||    68
